 Dungeon Crawl Stone Soup version 0.20.0-10-g0535bb4 (webtiles) character file.

585 grindst0ne the Protected (level 7, -2/44 HPs)
             Began as a Gargoyle Fighter on June 4, 2017.
             Was a Follower of Okawaru.
             Slain by a gnoll sergeant
             ... wielding a +0 trident
              (10 damage)
             ... on level 5 of the Dungeon.
             The game lasted 00:06:32 (3723 turns).

grindst0ne the Protected (Gargoyle Fighter)         Turns: 3723, Time: 00:06:33

Health: -2/44      AC: 13    Str: 19    XL:     7   Next: 37%
Magic:  7/7        EV:  7    Int:  9    God:    Okawaru [*.....]
Gold:   318        SH:  0    Dex: 14    Spells: 6/6 levels left

rFire    . . .     SeeInvis +   a - +0 war axe
rCold    . . .     Gourm    .   c - +0 shield
rNeg     + . .     Faith    .   b - +0 scale mail
rPois    ∞         Spirit   .   (no helmet)
rElec    +         Reflect  .   (no cloak)
rCorr    .         Harm     +   (no gloves)
MR       .....                  (no boots)
Stlth    ..........             F - amulet of harm
Regen    0.2/turn               x - ring of see invisible
MPRegen  0.1/turn               v - +3 ring of dexterity

@: confused
A: negative energy resistance 1, electricity resistance, unbreathing,
petrification resistance, rot immunity, AC +4
a: Heroism, Renounce Religion


You were on level 5 of the Dungeon.
You worshipped Okawaru.
Okawaru was aware of your devotion.
You were not hungry.

You visited 2 branches of the dungeon, and saw 6 of its levels.

You collected 318 gold pieces.

Inventory:

Hand Weapons
 a - a +0 war axe (weapon)
Armour
 b - a +0 scale mail (worn)
 c - a +0 shield (worn)
Jewellery
 s - an uncursed ring of fire
 v - a +3 ring of dexterity (right hand)
 w - an uncursed ring of protection from cold
 x - a ring of see invisible (left hand)
 y - an uncursed ring of ice
 F - an amulet of harm (around neck)
Wands
 G - a wand of lightning (6/15)
Scrolls
 i - 2 scrolls of enchant weapon {unknown}
 k - 6 scrolls of identify {unknown}
 l - 2 scrolls of teleportation {unknown}
 m - 2 scrolls of amnesia {unknown}
 q - 2 scrolls of remove curse {unknown}
 r - 2 scrolls of blinking {unknown}
 t - a scroll of magic mapping {unknown}
 A - 3 scrolls of enchant armour {unknown}
 C - a scroll of recharging {unknown}
Potions
 d - a potion of might
 j - a potion of flight {unknown}
 n - 3 potions of heal wounds {unknown}
 o - a potion of haste {unknown}
 p - 2 potions of agility {unknown}
 z - 2 potions of curing {unknown}
 B - a potion of lignification {unknown}
 D - a potion of brilliance {unknown}
Comestibles
 f - 5 bread rations
 g - 2 royal jellies
 h - 2 meat rations
 u - 3 fruits


   Skills:
 - Level 5.2 Fighting
 - Level 1.7 Axes
 + Level 8.1 Armour
 - Level 3.2 Shields


You had 6 spell levels left.
You didn't know any spells.

Dungeon Overview and Level Annotations

Branches:
Dungeon (5/15)             Temple (1/1) D:4

Altars:
Cheibriados
Dithmenos
Elyvilon
Fedhas
Gozag
Hepliaklqana
Okawaru
Qazlal
Ru
Uskayaw
Xom
Zin


Innate Abilities, Weirdness & Mutations

You are resistant to torment.
Your stone body is resilient. (AC +4)
You are immune to poison.
You resist negative energy. (rN+)
You are resistant to electric shocks. (rElec)
You can survive without breathing.
You are immune to petrification.
You are immune to rotting.


Message History

You closely miss the gnoll sergeant.
The gnoll sergeant is heavily wounded.
The gnoll sergeant hits you with a trident!
You hit the gnoll sergeant.
The gnoll sergeant is heavily wounded.
The gnoll sergeant hits you but does no damage.
You hit the gnoll sergeant but do no damage.
The gnoll sergeant is heavily wounded.
The gnoll sergeant hits you with a trident!
The gnoll sergeant closely misses you.
You hit the gnoll sergeant but do no damage.
The gnoll sergeant is heavily wounded.
The gnoll sergeant hits you but does no damage.
You are confused.
You feel invigorated.
The gnoll sergeant hits you with a trident!
* * * LOW HITPOINT WARNING * * *
You bump into the rock wall.
The gnoll sergeant hits you with a trident!
You die...

#.#.# #.#.....#.###.g.. ##.#.#
#.##.....g...## ###<...#
#..........#..# #.....##
##.........##.# ##....##
#.....g......# ......#
####.##.#..### ......#
#gg#.#..# #....##
##g#.##.########
#....###########@#...........#
#......)............#...(....#
+....####.....................
#.........########.###.......#
#....###### #.# #.......#
#....# ... #.......# .....#
.....#..###### ##....
#.....#..# #... #.....#..#


You could see a gnoll sergeant and 2 gnolls.

Vanquished Creatures
  A hungry ghost (D:5)
  An ogre (D:5)
  A bullfrog (D:3)
  An orc wizard (D:3)
  4 worker ants (D:4)
  2 gnolls (D:5)
  6 adders
  An ooze (D:2)
  3 dart slugs (D:1)
  3 worms
  4 leopard geckos
  7 orcs
  6 bats
  3 giant cockroaches (D:4)
  9 goblins
  8 hobgoblins
  4 jackals (D:5)
  9 kobolds
  A quokka (D:3)
  A ball python (D:5)
  3 frilled lizards
  16 rats
94 creatures vanquished.

Notes
Turn   | Place    | Note
-------+----------+-------------------------------------------
     0 | D:1      | grindst0ne the Gargoyle Fighter began the quest for the Orb.
     0 | D:1      | Reached XP level 1. HP: 14/14 MP: 1/1
   105 | D:1      | Reached XP level 2. HP: 14/20 MP: 2/2
   319 | D:1      | Reached XP level 3. HP: 23/24 MP: 3/3
   856 | D:2      | Reached skill level 5 in Fighting
   880 | D:2      | Reached XP level 4. HP: 28/31 MP: 4/4
  1293 | D:2      | Reached skill level 4 in Armour
  1859 | D:3      | Found a sacrificial altar of Ru.
  2025 | D:3      | Reached XP level 5. HP: 35/35 MP: 5/5
  2262 | D:3      | Reached skill level 5 in Armour
  2406 | D:3      | Reached XP level 6. HP: 26/40 MP: 6/6
  2913 | D:4      | Reached skill level 6 in Armour
  2982 | D:4      | Found a staircase to the Ecumenical Temple.
  3012 | Temple   | Entered the Ecumenical Temple
  3128 | Temple   | Became a worshipper of Warmaster Okawaru
  3176 | D:4      | Noticed an angel
  3177 | D:4      | Found a glowing silver altar of Zin.
  3177 | D:4      | Found a shimmering altar of Xom.
  3273 | D:4      | Found a shimmering altar of Xom.
  3613 | D:5      | Entered Level 5 of the Dungeon
  3680 | D:5      | Noticed a hungry ghost
  3680 | D:5      | Reached skill level 7 in Armour
  3680 | D:5      | Reached XP level 7. HP: 44/44 MP: 7/7
  3699 | D:5      | Reached * piety under Okawaru
  3713 | D:5      | Killed a hungry ghost
  3713 | D:5      | Reached skill level 8 in Armour
  3723 | D:5      | Slain by a gnoll sergeant

Skill      XL: |  1  2  3  4  5  6  7 |
---------------+----------------------+-----
Fighting       | 4 5 |  5.2
Armour         | 4 5 7 8 |  8.1
Axes           | |  1.7
Shields        | |  3.2

Action                   |  1- 3 |  4- 6 |  7- 9 || total
-------------------------+-------+-------+-------++-------
Melee: War axe           |   101 |   190 |    22 ||   313
Evoke: Wand              |       |     2 |       ||     2
  Use: Potion            |       |       |     2 ||     2
  Eat: Chunk             |       |     9 |     2 ||    11
       Bread ration      |       |       |     1 ||     1
Armor: Scale mail        |    65 |   127 |    20 ||   212
Dodge: Dodged            |    37 |    73 |     6 ||   116
Block: Shield            |    54 |   142 |    19 ||   215
